 Dungeon Crawl Stone Soup version 0.17-a0-957-ga3519be (webtiles) character file.

99 epiphnayx99 the Covered (level 4, -5/42 HPs)
             Began as a Deep Dwarf Fighter on May 8, 2015.
             Was an Initiate of the Shining One.
             Slain by a polar bear (17 damage)
             ... created by the rage of Trog
             ... on level 3 of the Dungeon.
             The game lasted 00:16:25 (2885 turns).

epiphnayx99 the Covered (Deep Dwarf Fighter)        Turns: 2885, Time: 00:16:25

Health: -5/42      AC:  8    Str: 23 (25) XL:     4   Next: 45%
Magic:  4/4        EV:  8    Int:  9      God:    the Shining One [......]
Gold:   117        SH: 10    Dex: 12      Spells: 0 memorised, 3 levels left

rFire  . . .     SeeInvis .     a - +0 war axe
rCold  . . .     Clarity  .     b - +0 scale mail
rNeg   . . .     SustAb   .     c - +0 shield
rPois  .         Gourm    .     (no helmet)
rElec  .         Spirit   .     (no cloak)
rCorr  .         Warding  .     f - +0 pair of gloves
rMut   .         Stasis   .     (no boots)
MR     .....                    (no amulet)
Stlth  ..........               (no ring)
                                (no ring)

@: mighty, non-regenerating, not resistant to hostile enchantments, extremely
unstealthy
A: damage resistance, recharge devices, sense surroundings 1, slow healing 3
a: Device Recharging, Renounce Religion


You were on level 3 of the Dungeon.
You worshipped the Shining One.
The Shining One was noncommittal.
You were not hungry.

You visited 1 branch of the dungeon, and saw 3 of its levels.

You collected 117 gold pieces.

Inventory:

Hand weapons
 a - a +0 war axe (weapon)
 k - a cursed -2 short sword
Missiles
 l - 11 arrows of flame
 m - 22 arrows
 r - 22 bolts
Armour
 b - a +0 scale mail (worn)
 c - a +0 shield (worn)
 f - a +0 pair of gloves (worn)
Magical devices
 e - a wand of heal wounds (4)
Scrolls
 h - a scroll of enchant armour {unknown}
 i - 2 scrolls of remove curse {unknown}
 j - 2 scrolls of enchant weapon {unknown}
 o - a scroll of magic mapping {unknown}
 q - a scroll of recharging {unknown}
 s - a scroll of amnesia {unknown}
Potions
 n - 2 potions of mutation
 p - a potion of brilliance {unknown}
Comestibles
 g - a meat ration
 t - a bread ration


   Skills:
 + Level 3.1 Fighting
 + Level 2.9 Axes
 + Level 4.1 Armour
 + Level 1.2 Dodging
 + Level 0.6 Stealth
 + Level 4.0 Shields


You had 3 spell levels left.
You didn't know any spells.

Dungeon Overview and Level Annotations

Branches:
Dungeon (3/15)

Altars:
Qazlal
Sif Muna
Trog
Yredelemnul
Zin
The Shining One


Innate Abilities, Weirdness & Mutations

You are resistant to damage.
You can recharge devices by infusing magical energy.
You passively map a small area around you.
You do not heal naturally.


Message History

The polar bear claws you but does no damage.
You hear an angry growl.
The polar bear barely misses you. You block the polar bear's attack.
The polar bear claws you.
You closely miss the polar bear. The polar bear bites you!
The polar bear claws you. The polar bear barely misses you.
The polar bear rages.
The polar bear bites you!
The polar bear claws you but does no damage.
You block the polar bear's attack.
You barely miss the polar bear. The polar bear barely misses you.
You block the polar bear's attack. The polar bear claws you.
You block the polar bear's attack.
The polar bear claws you but does no damage.
The polar bear claws you.
Your shield prevents you from hitting the polar bear.
You block the polar bear's attack. The polar bear claws you.
* * * LOW HITPOINT WARNING * * *
You block the polar bear's attack. The polar bear bites you!!
You die...

##### #########...####
#######......<..#.....
#.......####.##...####
#.#.###.###...#####
#....@hh.#.....#
#.#.###.###...## ## #
#.# ##.## #. * * #.#
#[# #. ..# #.# #. * ,
### ##'########. *
##...##...... ,
##.....#.# #.
##........# #.


You could see 2 polar bears.

Vanquished Creatures
  3 adders
  An ooze (D:1)
  A worm (D:2)
  2 giant geckos (D:1)
  4 orcs (D:3)
  8 bats
  3 giant cockroaches
  7 hobgoblins
  A ball python (D:1)
  6 giant newts
  A goblin (D:1)
  7 jackals
  7 kobolds
  9 rats
60 creatures vanquished.

Notes
Turn   | Place    | Note
--------------------------------------------------------------
     0 | D:1      | epiphnayx99, the Deep Dwarf Fighter, began the quest for the Orb.
     0 | D:1      | Reached XP level 1. HP: 20/20 MP: 1/1
   365 | D:1      | Reached XP level 2. HP: 25/27 MP: 2/2
  1218 | D:1      | Reached XP level 3. HP: 30/33 MP: 3/3
  1528 | D:2      | Reached skill level 1 in Dodging
  1564 | D:2      | Found a bloodstained altar of Trog.
  1587 | D:2      | Found a basalt altar of Yredelemnul.
  1612 | D:2      | Became a worshipper of Trog the Wrathful
  1767 | D:2      | Found a glowing golden altar of the Shining One.
  1773 | D:2      | Fell from the grace of Trog
  1773 | D:2      | Became a worshipper of the Shining One
  1780 | D:2      | Found a deep blue altar of Sif Muna.
  1796 | D:2      | Found a glowing silver altar of Zin.
  2285 | D:3      | Reached XP level 4. HP: 42/42 MP: 4/4
  2550 | D:3      | Found a stormy altar of Qazlal.
  2630 | D:3      | Reached skill level 4 in Shields
  2877 | D:3      | Noticed a polar bear
  2877 | D:3      | Noticed a polar bear
  2877 | D:3      | Noticed a polar bear
  2877 | D:3      | Noticed a black bear
  2885 | D:3      | Slain by a polar bear

Action                   |  1- 3 |  4- 6 || total
-------------------------+-------+-------++-------
Melee: War axe           |   174 |    34 ||   208
Evoke: Wand              |       |     1 ||     1
  Use: Scroll            |     3 |       ||     3
       Potion            |     2 |     1 ||     3
  Eat: Bread ration      |     1 |       ||     1
       Meat ration       |       |     1 ||     1
